 Dungeon Crawl Stone Soup version 0.28-a0-628-g3c9886e45e (webtiles) character file.

Game seed: 15240430295119301006

366 siradein the Skirmisher (level 6, -3/52 HPs)
             Began as a Draconian Brigand on Oct 8, 2021.
             Was an Initiate of Makhleb.
             Killed from afar by a steam dragon (18 damage)
             ... with a ball of steam
             ... on level 3 of the Dungeon.
             The game lasted 00:06:17 (4397 turns).

siradein the Skirmisher (Draconian Brigand)         Turns: 4397, Time: 00:06:17

Health: -3/52      AC:  8    Str: 14    XL:     6   Next: 40%
Magic:  7/7        EV: 12    Int: 12    God:    Makhleb [......]
Gold:   120        SH:  0    Dex: 13    Spells: 5/5 levels left

rFire   . . .      SeeInvis .   j - +0 short sword
rCold   . . .      Faith    .   (no shield)
rNeg    . . .      Spirit   .   (armour unavailable)
rPois   .          Reflect  .   (helmet restricted)
rElec   .          Harm     .   b - +0 cloak
rCorr   .          Rampage  .   q - +0 pair of gloves
Will    .....                   (no boots)
Stlth   ++........              (no amulet)
HPRegen 0.17/turn               (no ring)
MPRegen 0.10/turn               (no ring)

@: no status effects
A: AC +6, unfitting armour, cold-blooded
a: Renounce Religion


You were on level 3 of the Dungeon.
You worshipped Makhleb.
Makhleb was noncommittal.
You visited 1 branch of the dungeon, and saw 4 of its levels.

You collected 120 gold pieces.

Inventory:

Hand Weapons
 j - a +0 short sword (weapon)
Missiles
 c - 17 poisoned darts (quivered)
 d - 2 curare-tipped darts
 s - 26 sling bullets
 u - 20 stones
Armour
 b - a +0 cloak (worn)
 q - a +0 pair of gloves (worn)
Wands
 n - a wand of mindburst (14)
 t - a wand of digging (3)
Scrolls
 a - a scroll of blinking {unknown}
 e - a scroll of fog {unknown}
 g - 3 scrolls of amnesia {unknown}
 i - a scroll of immolation {unknown}
 l - 3 scrolls of identify {unknown}
 p - a scroll of vulnerability {unknown}
Potions
 f - a potion of invisibility {unknown}
 h - a potion of heal wounds {unknown}
 k - 2 potions of resistance {unknown}
 m - a potion of haste {unknown}
 o - 2 potions of curing
 r - a potion of brilliance {unknown}


   Skills:
 + Level 4.0 Fighting
 - Level 2.0(2.7) Short Blades
 + Level 2.8(3.1) Long Blades
 + Level 3.3 Throwing
 + Level 2.8 Dodging
 - Level 3.6 Stealth
 + Level 2.0 Invocations


You had 5 spell levels left.
You didn't know any spells.
Your spell library contained the following spells:

 Spells                   Type           Power      Damage    Failure   Level
 Conjure Flame            Conj/Fire      0%         6-21      69%         3
 Gell's Gravitas          Tloc           0%         N/A       69%         3
 Ignite Poison            Fire/Tmut/Pois 0%         N/A       69%         3
 Teleport Other           Tloc           0%         N/A       69%         3
 Sticky Flame             Conj/Fire      0%         2d3       97%         4
 Dispersal                Tloc           0%         N/A       100%        6


Dungeon Overview and Level Annotations

Branches:
Dungeon (4/15)             Temple (0/1) D:4

Altars:
Gozag
Hepliaklqana
Makhleb
Uskayaw

Shops:
D:1 !(=[


Innate Abilities, Weirdness & Mutations

Your plain brown scales are hard. (AC +6)
You cannot fit into any form of body armour.
You are cold-blooded and may be slowed by cold attacks.


Message History

Aim: a steam dragon (60% to hit)
You throw a poisoned dart.
The poisoned dart hits the steam dragon!
The steam dragon is poisoned.
You barely miss the adder. The adder barely misses you.
You barely miss the adder.
Your tail-slap misses the adder.
The adder barely misses you. The steam dragon breathes steam at you.
The ball of steam hits you! The adder bites you but does no damage.
You hear an angry hiss.
Throw: 18 darts (poison)
Press: ? - help, Q - select action, (/) - cycle Shift-Dir - straight line, f/p - steam dragon
Aim: a steam dragon (very poisoned, catching its breath, 60% to hit)
You throw a poisoned dart.
The poisoned dart hits the steam dragon.
You are engulfed in a cloud of scalding steam.
The adder completely misses you.
You are engulfed in a cloud of scalding steam.
The steam dragon bites you but does no damage.
The steam dragon completely misses you. The adder closely misses you.
You climb upwards.
There is a stone staircase leading down here.
You closely miss the adder.
The steam dragon bites you but does no damage.
The steam dragon claws you but does no damage.
The adder barely misses you.
You miss the adder. The adder bites you.
The steam dragon breathes steam at you. The ball of steam hits you!
Unknown command.
You miss the adder.
You are engulfed in a cloud of scalding steam.
* * * LOW HITPOINT WARNING * * *
The adder closely misses you. The steam dragon closely misses you. x2
The adder bites you but does no damage.
Unknown command.
You hit the adder but do no damage. The steam dragon breathes steam at you.
The ball of steam hits you!!
You die...

#.# #.# #.########.#
#.##.....#.#
#.##.._..#.#
#.###...#### #.# #...#
#.# #...#
######.#####.#####
)............[.D@#
#####..#####.###S# #..#
#.# #.###### #..# #.#
#......# #..# #.#
#.####.## #..#
#.########..#
#####..#####..##...###.#
....#......####.....##.#
....#.####.# #.......#.#


You could see a steam dragon (poisoned, catching breath) and an adder.

Vanquished Creatures
  Sigmund (D:3)
  A hound (D:4)
  Terence (D:3)
  An orc wizard (D:3)
  5 adders
  An ufetubus (D:2)
  2 worms
  2 dart slugs
  3 orcs (D:3)
  7 endoplasms
  3 giant cockroaches
  5 goblins
  4 hobgoblins
  A quokka (D:2)
  6 ball pythons
  11 bats
  6 frilled lizards
  12 kobolds
  3 rats
75 creatures vanquished.

Notes
Turn   | Place    | Note
-------+----------+-------------------------------------------
     0 | D:1      | siradein the Draconian Brigand began the quest for the Orb.
     0 | D:1      | Reached XP level 1. HP: 17/17 MP: 1/1
     5 | D:1      | Found Joyqyite's Weapon Shop.
    72 | D:1      | Reached skill level 1 in Dodging
   105 | D:1      | Found Mujoghua's Distillery.
   334 | D:1      | Reached XP level 2. HP: 25/25 MP: 2/2
   474 | D:1      | Found Jeby's Jewellery Shop.
   884 | D:1      | Found Usaupnomm's Antique Armour Shop.
  1128 | D:1      | Reached skill level 1 in Long Blades
  1128 | D:1      | Reached XP level 3. HP: 14/30 MP: 3/3
  1892 | D:2      | Reached skill level 3 in Fighting
  1901 | D:2      | Reached XP level 4. HP: 20/38 MP: 4/4
  2819 | D:3      | Noticed a +0 hand axe
  2820 | D:3      | Found a hide-covered altar of Uskayaw.
  2820 | D:3      | Noticed a +0 hand axe
  2852 | D:3      | Found a hazy altar of Hepliaklqana.
  2878 | D:3      | Found a burning altar of Makhleb.
  2889 | D:3      | Became a worshipper of Makhleb the Destroyer
  2951 | D:3      | Noticed Sigmund
  2971 | D:3      | Killed Sigmund
  2972 | D:3      | Reached skill level 1 in Invocations
  2972 | D:3      | Reached XP level 5. HP: 40/46 MP: 4/6
  2972 | D:3      | Reached XP level 6. HP: 45/52 MP: 4/7
  3257 | D:3      | Found an opulent altar of Gozag.
  3504 | D:3      | Noticed Terence
  3547 | D:3      | Killed Terence
  4076 | D:4      | Reached skill level 4 in Fighting
  4089 | D:4      | Found a staircase to the Ecumenical Temple.
  4098 | D:4      | Noticed a steam dragon
  4397 | D:3      | Killed from afar by a steam dragon

Illustrated notes

Levels and vault maps discovered:
D:1:      scummos_arrival_checkerplants, layout_basic, serial_shops,
          nicolae_shop_trees, nicolae_shop_behind_doors, nicolae_shop_crystal,
          nicolae_shop_window_shopping
D:2:      minmay_recursive_quarters, layout_rooms,
          shapermc_ecumenical_altar_petra
D:3:      layout_basic, mainiacjoe_overflow_small_starburst, lemuel_round_altar,
          mainiacjoe_overflow_alcove_1, dancing_weapons_uskayaw, uniq_terence,
          uniq_sigmund
D:4:      lemuel_castle_with_subvaults [lemuel_castle_interior_carwin_3],
          layout_cave_pools, lemuel_tele_altar, amethyst_overflow_temple_binary,
          minmay_temple_entry_grid

Skill      XL: |  1  2  3  4  5  6 |
---------------+-------------------+-----
Dodging        | 1 2 |  2.8
Throwing       | 2 3 |  3.3
Long Blades    | 1 2 |  2.8
Fighting       | 3 4 |  4.0
Invocations    | 1 2 |  2.0
Short Blades   | |  2.0
Stealth        | |  3.6

Action                   |  1- 3 |  4- 6 || total
-------------------------+-------+-------++-------
Melee: Dagger            |    20 |       ||    20
       Tailslap          |    11 |    18 ||    29
       Short sword       |   125 |   164 ||   289
Throw: Dart              |       |    20 ||    20
  Use: Potion            |     1 |       ||     1
 Stab: Sleeping          |     6 |    10 ||    16
Armor: Skin              |    68 |    64 ||   132
Dodge: Dodged            |   104 |    93 ||   197

Table legend: (Time is in decaauts)
 A = Elapsed time spent in this place.
 B = Non-inter-level travel time spent in this place.
 C = Inter-level travel time spent in this place.
 D = Time resting spent in this place.
 E = Time spent auto-exploring this place.
 F = Levels seen in this place.
 G = Mean time per level.
                   A        B        C        D        E       F      G
               +--------+--------+--------+--------+--------+-----+--------+
         Total |   4391 |   4322 |     69 |    738 |   2769 |   4 | 1097.8 |
       Dungeon |   4391 |   4322 |     69 |    738 |   2769 |   4 | 1097.8 |
               +--------+--------+--------+--------+--------+-----+--------+

Top non-repeatable levels by time:
     D:3: 1508 daAuts
     D:1: 1478 daAuts
     D:2: 1338 daAuts
     D:4: 66 daAuts
